 Dungeon Crawl Stone Soup version 0.21.1-1-g345015f (webtiles) character file.

656 Fang the Chopper (level 7, -19/66 HPs)
             Began as a Gargoyle Berserker on May 16, 2018.
             Was a Priest of Trog.
             Demolished by robloxmaster's ghost (21 damage)
             ... on level 5 of the Dungeon.
             The game lasted 00:04:57 (3842 turns).

Fang the Chopper (Gargoyle Berserker)               Turns: 3842, Time: 00:04:58

Health: -19/66     AC: 10    Str: 27    XL:     7   Next: 55%
Magic:  7/7        EV: 16    Int:  8    God:    Trog [***...]
Gold:   200        SH:  0    Dex:  9    Spells: 6/6 levels left

rFire    + . .     SeeInvis .   a - +3 hand axe
rCold    x . .     Gourm    .   (no shield)
rNeg     + . .     Faith    .   b - +0 animal skin
rPois    ∞         Spirit   .   (no helmet)
rElec    +         Reflect  .   j - +2 cloak {+Inv}
rCorr    .         Harm     .   (no gloves)
MR       .....                  (no boots)
Stlth    ..........             (no amulet)
HPRegen  0.21/turn              g - ring of fire
MPRegen  0.10/turn              n - +4 ring of evasion

@: berserking, very quick
A: negative energy resistance 1, electricity resistance, unbreathing,
petrification resistance, rot immunity, AC +4
a: Berserk, Trog's Hand, Burn Spellbooks, Renounce Religion, Evoke Invisibility


You were on level 5 of the Dungeon.
You worshipped Trog.
Trog was most pleased with you.
You were very hungry.

You visited 1 branch of the dungeon, and saw 5 of its levels.

You collected 200 gold pieces.

Inventory:

Hand Weapons
 a - a +3 hand axe (weapon)
Armour
 b - a +0 animal skin (worn)
 j - a +2 cloak of invisibility (worn)
Jewellery
 g - a ring of fire (left hand)
 n - a +4 ring of evasion (right hand)
Wands
 i - a wand of clouds (2)
Scrolls
 f - 2 scrolls of teleportation
Potions
 d - a potion of heal wounds
 e - a potion of magic
 k - 3 potions of curing
 m - a potion of brilliance {unknown}
Comestibles
 c - 15 rations
 h - a chunk of flesh


   Skills:
 + Level 5.0 Fighting
 + Level 6.1 Axes
 + Level 2.2 Armour
 + Level 3.0 Dodging
 + Level 2.4 Stealth


You had 6 spell levels left.
You didn't know any spells.

Dungeon Overview and Level Annotations

Branches:
Dungeon (5/15)
 Temple: D:4-7

Altars:
Kikubaaqudgha

Annotations:
D:5 robloxmaster's ghost, novice TrMo


Innate Abilities, Weirdness & Mutations

You are resistant to torment.
Your stone body is resilient. (AC +4)
You are immune to poison.
You resist negative energy. (rN+)
You are resistant to electric shocks. (rElec)
You can survive without breathing.
You are immune to petrification.
You are immune to rotting.


Message History

You are too injured to fight recklessly!
You are too injured to fight recklessly!
You are too injured to fight recklessly!
You are too injured to fight recklessly!
You are too injured to fight recklessly!
You are too injured to fight recklessly!
A red film seems to cover your vision as you go berserk!
You feel yourself moving faster!
You feel mighty!
You are feeling very hungry.
Robloxmaster's ghost hits you!!
* * * LOW HITPOINT WARNING * * *
You slash robloxmaster's ghost!
Robloxmaster's ghost is moderately damaged.
You slash robloxmaster's ghost!
Robloxmaster's ghost is moderately damaged.
Robloxmaster's ghost misses you.
You slash robloxmaster's ghost!
Robloxmaster's ghost is heavily damaged.
Robloxmaster's ghost hits you!!
You die...

#.....# ####...##
#........... ..###.##
#..........# .#....#
##..........# ......###
#......>...###
..##....###............##
.##......................
##....#...#..........#
.....##..##....W@...#
.....##.####........##
........# #.....###.####
..#####.## #....## ##...#
...# #..# #....## #.###
...# ##.###.....## #.#
##.## #..##..##..###.###
#..# ##...#####..#<...#
##.# #.### ##.....##


You could see robloxmaster's ghost.

Vanquished Creatures
  A sky beast (D:5)
  A bullfrog (D:4)
  A scorpion (D:4)
  A howler monkey (D:4)
  A bullfrog zombie (D:5)
  A jelly (D:4)
  3 orc priests
  2 hounds
  An orc wizard (D:4)
  A hound skeleton (D:4)
  Robin (D:2)
  2 gnolls (D:4)
  A howler monkey skeleton (D:4)
  3 adders
  An ooze (D:2)
  3 worms
  2 dart slugs
  A leopard gecko (D:4)
  8 orcs
  2 giant cockroaches
  10 hobgoblins
  2 jackals (D:1)
  A quokka (D:3)
  7 bats
  6 frilled lizards
  11 goblins
  8 kobolds
  9 rats
91 creatures vanquished.

Notes
Turn   | Place    | Note
-------+----------+-------------------------------------------
     0 | D:1      | Fang the Gargoyle Berserker began the quest for the Orb.
     0 | D:1      | Reached XP level 1. HP: 14/14 MP: 1/1
   376 | D:1      | Reached XP level 2. HP: 19/19 MP: 2/2
   488 | D:1      | Reached skill level 3 in Axes
   847 | D:2      | Reached XP level 3. HP: 24/24 MP: 3/3
   855 | D:2      | Reached ** piety under Trog
   993 | D:2      | Noticed Robin
  1008 | D:2      | Killed Robin
  1008 | D:2      | Reached XP level 4. HP: 17/29 MP: 4/4
  1244 | D:2      | Reached skill level 1 in Stealth
  1245 | D:2      | Found a faded altar of an unknown god.
  1729 | D:2      | Reached skill level 4 in Axes
  2115 | D:3      | Reached XP level 5. HP: 34/34 MP: 5/5
  2684 | D:3      | Reached *** piety under Trog
  2764 | D:4      | Reached XP level 6. HP: 30/39 MP: 6/6
  3212 | D:4      | Reached skill level 5 in Axes
  3347 | D:4      | Reached XP level 7. HP: 41/44 MP: 7/7
  3630 | D:5      | Entered Level 5 of the Dungeon
  3679 | D:5      | Reached skill level 5 in Fighting
  3679 | D:5      | Reached skill level 6 in Axes
  3784 | D:5      | Found an ancient bone altar of Kikubaaqudgha.
  3823 | D:5      | Noticed robloxmaster's ghost (novice TrMo)
  3839 | D:5      | HP: 1/66 [robloxmaster's ghost (21)]
  3842 | D:5      | Demolished by robloxmaster's ghost

Skill      XL: |  1  2  3  4  5  6  7 |
---------------+----------------------+-----
Axes           | 3 4 5 6 |  6.1
Fighting       | 4 5 |  5.0
Stealth        | 1 2 |  2.4
Dodging        | 2 3 |  3.0
Armour         | |  2.2

Action                   |  1- 3 |  4- 6 |  7- 9 || total
-------------------------+-------+-------+-------++-------
Melee: Hand axe          |   114 |   161 |    53 ||   328
Invok: Berserk           |     1 |     3 |     1 ||     5
  Use: Scroll            |       |    10 |     2 ||    12
 Stab: Sleeping          |     1 |     2 |       ||     3
  Eat: Chunk             |       |    12 |     1 ||    13
Armor: Animal skin       |    47 |    66 |    15 ||   128
Dodge: Dodged            |   103 |   108 |    34 ||   245
